 Dungeon Crawl Stone Soup version 0.19.5 (webtiles) character file.

10484 Gargoyl the Cleaver (level 11, -1/94 HPs)
             Began as a Ghoul Abyssal Knight on Mar 10, 2017.
             Was a High Priest of Lugonu.
             Slain by a komodo dragon (4 damage)
             ... on level 1 of the Lair of Beasts.
             The game lasted 00:27:15 (10723 turns).

Gargoyl the Cleaver (Ghoul Abyssal Knight)         Turns: 10723, Time: 00:27:16

Health: -1/94      AC: 21    Str: 17    XL:     11   Next: 62%
Magic:  16/16      EV:  8    Int:  7    God:    Lugonu [*****.]
Gold:   487        SH:  9    Dex: 11    Spells: 0 memorised, 10 levels left

rFire  . . .     SeeInvis .     N - +2 war axe (freeze)
rCold  + . .     Gourm    .     d - +1 plate armour
rNeg   + + +     Faith    .     l - +0 shield
rPois  ∞         Spirit   .     (no helmet)
rElec  .         Reflect  .     s - +2 cloak
rCorr  .         Harm     .     j - +2 pair of gloves {archery}
MR     +....                    (no boots)
Stlth  ..........               (no amulet)
                                m - +4 ring of evasion
                                J - ring of protection from magic

@: rotting
A: rotting body, claws 1, carnivore 3, cold resistance 1, negative energy
resistance 3, slow regeneration 1, torment resistance, unbreathing
a: Depart the Abyss, Bend Space, Banish, Corrupt, Enter the Abyss, Renounce
Religion


You were on level 1 of the Lair of Beasts.
You worshipped Lugonu.
Lugonu was extremely pleased with you.
You were not hungry.

You visited 2 branches of the dungeon, and saw 10 of its levels.
You visited the Abyss 1 time.
You also visited: Sewer.

You collected 487 gold pieces.

Inventory:

Hand Weapons
 x - a +2 spear of freezing
 D - a +2 hand axe of freezing
 F - a +0 war axe
 N - a +2 war axe of freezing (weapon)
Missiles
 g - 12 javelins (quivered)
Armour
 d - a +1 plate armour (worn)
 j - a +2 pair of gloves of archery (worn)
 l - a +0 shield (worn)
 s - a +2 cloak (worn)
Jewellery
 i - an uncursed ring of flight
 m - a +4 ring of evasion (right hand)
 J - a ring of protection from magic (left hand)
 L - the ring "Rysuge" {*Corrode +Inv rPois MR+ SInv}
   (You found it on level 8 of the Dungeon)

   [ring of protection from magic]

   It protects you from poison.
   It affects your resistance to hostile enchantments.
   It lets you see invisible.
   It lets you turn invisible.
   It may corrode you when you take damage.
Wands
 b - a wand of lightning (12/15)
 M - a wand of slowing (23/48)
Scrolls
 f - 9 scrolls of identify
 h - 4 scrolls of teleportation
 o - 2 scrolls of blinking
 p - 5 scrolls of remove curse
 r - 5 scrolls of magic mapping
 v - 4 scrolls of fear
 y - 3 scrolls of amnesia
 E - a scroll of recharging
 I - a scroll of fog
 K - a scroll of enchant armour
Potions
 e - 5 potions of curing
 n - 3 potions of might
 q - 5 potions of lignification {unknown}
 t - 3 potions of flight {unknown}
 u - 2 potions of brilliance {unknown}
 w - 3 potions of magic {unknown}
 z - a potion of haste
 A - a potion of degeneration {unknown}
 C - a potion of beneficial mutation {unknown}
 G - a potion of invisibility {unknown}
 P - a potion of agility {unknown}
Books
 B - a book of Misfortune

   Spells                             Type                      Level
   a - Confusing Touch                Hexes                        1
   b - Confuse                        Hexes                        3
   c - Gell's Gravitas                Hexes/Translocation          3
   d - Petrify                        Transmutation/Earth          4
   e - Metabolic Englaciation         Hexes/Ice                    5
   f - Yara's Violent Unravelling     Hexes/Transmutation          5
 H - a Young Poisoner's Handbook

   Spells                             Type                      Level
   a - Sting                          Conjuration/Poison           1
   b - Mephitic Cloud                 Conjuration/Poison/Air       3
   c - Olgreb's Toxic Radiance        Poison                       4
   d - Alistair's Intoxication        Transmutation/Poison         5
   e - Venom Bolt                     Conjuration/Poison           5
Comestibles
 c - a meat ration
 k - 3 beef jerkies
 O - a royal jelly


   Skills:
 + Level 7.8 Fighting
 + Level 9.5 Axes
 + Level 0.3 Throwing
 * Level 8.8 Armour
 + Level 1.9 Dodging
 + Level 5.2 Shields
 * Level 8.3 Invocations


You had 10 spell levels left.
You didn't know any spells.

Dungeon Overview and Level Annotations

Branches:
Dungeon (9/15)             Temple (0/1) D:7            Lair (1/6) D:9
    Orc (0/2) D:9

Altars:
Qazlal
Trog


Innate Abilities, Weirdness & Mutations

Your body is rotting away.
You thrive on raw meat.
You are immune to poison.
You have sharp fingernails.
You are carnivorous and can eat meat at any time.
Your flesh is cold resistant. (rC+)
You are immune to negative energy. (rN+++)
You regenerate slowly when monsters are visible.
You are immune to unholy pain and torment.
You can survive without breathing.


Message History

You hit the spiny frog but do no damage.
The spiny frog is heavily wounded.
The spiny frog stings you but does no damage.
You slash the spiny frog!
The spiny frog seems to slow down.
You freeze the spiny frog.
The spiny frog is almost dead.
The spiny frog stings you.
You slash the spiny frog! You freeze the spiny frog.
You kill the spiny frog!
Lugonu accepts your kill.
You closely miss the komodo dragon. The komodo dragon closely misses you.
You hit the komodo dragon but do no damage.
The komodo dragon bites you!
* * * LOW HITPOINT WARNING * * *
The komodo dragon bites you!!
* * * LOW HITPOINT WARNING * * *
You hit the komodo dragon. You freeze the komodo dragon.
The komodo dragon is lightly wounded.
The komodo dragon bites you.
You die...

.......... #
.$..>....# #
.........# #
.........#
##
.........##
.#
###....#..#
.##
#P.##..l#
..# ## ###l#
#.## ##@## #
...# #...#
## ##.##
##..# ##.
##..# #..#
###.. #.#.##
#..# #....
###..# #..#
##..#. ##.##
##.##
##..#..
#..## #..#
##...#..
#..P# #[.#
#####..###..


You could see 2 komodo dragons.

Vanquished Creatures
  Pikel (D:4)
  2 spiny frogs (Lair:1)
  2 komodo dragons
  4 blink frogs
  A hippogriff (D:9)
  A wyvern (D:9)
  18 yaks
  2 steam dragons
  A hungry ghost (D:7)
  A water moccasin (D:8)
  A porcupine (Lair:1)
  3 orc warriors
  2 ice beasts
  A sky beast (D:6)
  A black bear (D:8)
  3 wolves (D:9)
  3 ogres
  2 phantoms (D:5)
  A centaur (D:7)
  4 crocodiles
  A big kobold (D:6)
  The ghost of Azm the Conjurer, an amateur DECj (D:4)
  7 bullfrogs
  2 scorpions
  13 wights
  A centaur zombie (D:8)
  3 crimson imps
  4 hounds
  A jelly (D:5)
  Crazy Yiuf (D:7)
  4 orc priests
  11 orc wizards
  2 bullfrog skeletons
  7 iguanas
  5 worker ants
  2 hound skeletons
  A worker ant zombie (D:6)
  4 gnolls (D:8)
  16 adders
  8 river rats
  2 shadow imps (D:5)
  3 oozes
  3 adder skeletons
  2 worms
  A dart slug (D:3)
  6 leopard geckos
  36 orcs
  18 ball pythons
  9 bats
  7 giant cockroaches
  10 hobgoblins
  5 jackals
  6 quokkas
  7 frilled lizards
  6 goblins
  10 kobolds
  2 quokka skeletons (D:7)
  A quokka zombie (D:6)
  29 rats
311 creatures vanquished.

Vanquished Creatures (others)
  A kobold (D:7)
1 creature vanquished.

Grand Total: 312 creatures vanquished

Notes
Turn   | Place    | Note
-------+----------+-------------------------------------------
     0 | Abyss:1  | Gargoyl the Ghoul Abyssal Knight began the quest for the Orb.
     0 | Abyss:1  | Reached XP level 1. HP: 19/19 MP: 1/1
    90 | Abyss:2  | Noticed a large abomination
   126 | Abyss:3  | Noticed a spatial maelstrom
   127 | Abyss:3  | Noticed a spatial vortex
   132 | Abyss:3  | Noticed a spatial vortex
   133 | D:1      | Escaped the Abyss
   294 | D:1      | Reached * piety under Lugonu
   294 | D:1      | Reached XP level 2. HP: 26/26 MP: 2/2
   629 | D:1      | Reached skill level 2 in Axes
   670 | D:1      | Reached XP level 3. HP: 33/33 MP: 3/3
   717 | D:1      | Reached skill level 1 in Dodging
  1289 | D:2      | Reached ** piety under Lugonu
  1316 | D:2      | Reached XP level 4. HP: 33/40 MP: 4/4
  2059 | D:3      | Reached XP level 5. HP: 15/46 MP: 4/6
  2155 | D:3      | HP: 2/46 [something/puff of flame (6)]
  2160 | D:3      | Reached skill level 3 in Axes
  2646 | D:4      | Noticed Azm's ghost (amateur DECj)
  2662 | D:4      | Reached XP level 6. HP: 32/53 MP: 7/7
  2678 | D:4      | Killed Azm's ghost
  2678 | D:4      | Reached skill level 1 in Shields
  2886 | D:4      | Reached *** piety under Lugonu
  2947 | D:4      | Noticed a slave
  2948 | D:4      | Noticed Pikel
  2950 | D:4      | Noticed a slave
  2951 | D:4      | Noticed a slave
  2960 | D:4      | Noticed a slave
  3018 | D:4      | Killed Pikel
  3018 | D:4      | Reached skill level 5 in Fighting
  3018 | D:4      | Reached skill level 4 in Axes
  3018 | D:4      | Reached XP level 7. HP: 59/61 MP: 7/9
  3018 | D:4      | Reached XP level 8. HP: 65/68 MP: 7/10
  3103 | D:4      | Found a bloodstained altar of Trog.
  3482 | D:5      | Entered Level 5 of the Dungeon
  3496 | D:5      | Reached skill level 5 in Armour
  3541 | D:5      | Found a glowing drain.
  3578 | Sewer    | Entered a sewer
  3816 | Sewer    | Reached **** piety under Lugonu
  4013 | Sewer    | Reached skill level 5 in Axes
  4437 | D:5      | Reached skill level 5 in Invocations
  4649 | D:5      | Reached XP level 9. HP: 38/74 MP: 10/12
  5255 | D:6      | Reached skill level 6 in Axes
  5641 | D:6      | Reached ***** piety under Lugonu
  6362 | D:7      | Found a staircase to the Ecumenical Temple.
  6585 | D:7      | Noticed a brown ugly thing
  6598 | D:6      | Banished a brown ugly thing
  6598 | D:6      | Reached skill level 7 in Axes
  7052 | D:7      | Identified a scroll of acquirement
  7178 | D:7      | Found a runed door.
  7182 | D:7      | Noticed Crazy Yiuf
  7191 | D:7      | Killed Crazy Yiuf
  7356 | D:7      | Reached XP level 10. HP: 59/81 MP: 13/13
  7430 | D:7      | Found a stormy altar of Qazlal.
  7959 | D:8      | Got an ancient lapis lazuli ring
  8556 | D:9      | Found a staircase to the Orcish Mines.
  8859 | D:9      | Reached skill level 8 in Axes
  9424 | D:9      | Found a staircase to the Lair.
  9437 | D:9      | Identified the ring "Rysuge" {*Corrode +Inv rPois MR+ SInv} (You found it on level 8 of the Dungeon)
  9516 | Lair:1   | Entered Level 1 of the Lair of Beasts
  9564 | D:9      | Reached XP level 11. HP: 63/92 MP: 15/15
  9712 | D:9      | Reached skill level 9 in Axes
  9773 | Lair:1   | Reached skill level 5 in Shields
 10722 | Lair:1   | HP: 3/94 [komodo dragon (20)]
 10723 | Lair:1   | Slain by a komodo dragon

Skill      XL: |  1  2  3  4  5  6  7  8  9 10 11 |
---------------+----------------------------------+-----
Armour         | 2 3 4 5 7 8 |  8.8
Axes           | 2 3 4 5 7 8 9 |  9.5
Dodging        | 1 |  1.9
Fighting       | 4 5 6 7 |  7.8
Invocations    | 3 4 5 6 7 8 |  8.3
Shields        | 1 2 3 4 5 |  5.2
Throwing       | |  0.3

Action                   |  1- 3 |  4- 6 |  7- 9 | 10-12 || total
-------------------------+-------+-------+-------+-------++-------
Melee: Hand axe          |   192 |   282 |   620 |   319 ||  1413
       War axe           |       |       |   100 |   323 ||   423
Throw: Javelin           |       |     1 |     3 |     7 ||    11
Invok: Depart the Abyss  |     1 |       |       |       ||     1
       Banish            |       |       |     2 |       ||     2
  Use: Scroll            |     4 |     6 |    10 |     2 ||    22
       Potion            |       |     4 |       |     1 ||     5
  Eat: Chunk             |    13 |    33 |    73 |    96 ||   215
       Meat ration       |       |       |       |     1 ||     1
Armor: Plate armour      |   177 |   214 |   601 |   319 ||  1311
Dodge: Dodged            |    53 |    77 |   267 |   188 ||   585
Block: Shield            |       |    99 |   377 |   278 ||   754
